 Dungeon Crawl Stone Soup version 0.27.0-1-g7a089689b8 (webtiles) character file.

Game seed: 671897100030758848

18 Malachi the Insei (level 2, -1/22 HPs)
             Began as a Djinni Transmuter on Aug 12, 2021.
             Slain by a rat (3 damage)
             ... on level 2 of the Dungeon.
             The game lasted 00:01:21 (1524 turns).

Malachi the Insei (Djinni Transmuter)               Turns: 1524, Time: 00:01:22

Health: -1/22      AC:  2    Str:  9    XL:     2   Next: 85%
Gold:   47         EV: 12    Int: 14    God:
                   SH:  0    Dex: 13

rFire    + + .     SeeInvis .   f - +0 short sword
rCold    x . .     Faith    .   (no shield)
rNeg     . . .     Spirit   .   a - +0 robe
rPois    ∞         Reflect  .   (no helmet)
rElec    .         Harm     .   (no cloak)
rCorr    .         Rampage  .   (no gloves)
Will     .....                  (boots unavailable)
Stlth    +.........             (no amulet)
HPRegen  0.07/turn              (no ring)
MPRegen  0.00/turn              (no ring)

@: flying
A: sickness immunity, fire resistance 2, cold vulnerability 1, float, innate
caster, hp casting, extra vitality 1
a: no special abilities


You were on level 2 of the Dungeon.
You visited 1 branch of the dungeon, and saw 2 of its levels.

You collected 47 gold pieces.

Inventory:

Hand Weapons
 f - a +0 short sword (weapon)
Armour
 a - a +0 robe (worn)
Scrolls
 b - a scroll of identify {unknown}
 c - a scroll of enchant armour {unknown}
Potions
 d - a potion of mutation {unknown}
 e - a potion of might {unknown}
 g - a potion of attraction {unknown}
 h - a potion of haste {unknown}


   Skills:
 + Level 1.0 Fighting
 + Level 0.2 Short Blades
 + Level 2.4 Dodging
 + Level 3.6 Unarmed Combat
 + Level 1.6 Spellcasting


You couldn't memorise any spells.
You knew the following spells:

 Your Spells              Type           Power      Damage    Failure   Level
a - Beastly Appendage     Tmut           10%        N/A       12%         1
b - Wereblood             Tmut           5%         N/A       19%         2
c - Spider Form           Tmut/Pois      2%         N/A       36%         3
d - Ice Form              Ice/Tmut       5%         N/A       77%         4
Your spell library was empty.

Dungeon Overview and Level Annotations

Branches:
Dungeon (2/15)

Altars:


Innate Abilities, Weirdness & Mutations

You are immune to sickness and miasma.
You are immune to poison.
Your flesh is very heat resistant. (rF++)
You are vulnerable to cold. (rC-)
You float through the air rather than walking.
You learn spells naturally, not from books.
Your magical power is your life essence.
You have superior vitality. (+4 HP)


Message History

h - an inky potion
Found a mace and a leather armour.
You now have 47 gold pieces (gained 18).
A worm comes into view.
Casting: Beastly Appendage (safe; 12% risk of failure)
Confirm with . or Enter, or press ? or * to list all spells.
You grow a pair of large bovine horns.
A kobold comes into view. It is wielding a +0 short sword.
A rat comes into view.
The worm closely misses you.
You hit the worm.
The worm is moderately wounded.
The rat barely misses you.
You hit the worm but do no damage. You headbutt the worm!
The worm is severely wounded.
Your transformation is almost over.
The kobold shouts!
You hear a shout!
The rat bites you.
The kobold throws a stone.
The stone closely misses you. The worm bites you but does no damage.
You hit the worm.
The worm is severely wounded.
The rat barely misses you.
The kobold throws a stone.
The stone barely misses you. The worm bites you.
You hit the worm.
The worm is almost dead.
The rat barely misses you.
You hit the worm.
The worm is almost dead.
The rat bites you. The worm bites you!
Ouch! That really hurt!
* * * LOW HITPOINT WARNING * * *
You are too injured to fight recklessly!
The kobold throws a stone.
The stone barely misses you.
You are too injured to fight recklessly!
You are too injured to fight recklessly!
You hit the rat.
The rat is heavily wounded.
Your horns disappear.
The rat bites you.
You die...

#.# #.##.#.## #<# #.#
#.###.#.###.####.########.#
#......## ##..............#
##.##...###.##.....########
#.##.#..#..###...##
#.##.#.#.#.# ##.##
#.##.....#.# #.#
#.##.#.###.# #.# #.##.#.#
#.# #@# #......###.# #r#
####.......# #.#
############w# #......K#
#.####..# #.........#
....##..###.# #.. ....


You could see a worm, a kobold and a rat.

Vanquished Creatures
  A dart slug (D:2)
  3 bats (D:1)
  3 endoplasms (D:1)
  2 giant cockroaches (D:1)
  A quokka (D:2)
  A frilled lizard (D:2)
  A kobold (D:1)
  3 rats (D:1)
15 creatures vanquished.

Notes
Turn   | Place    | Note
-------+----------+-------------------------------------------
     0 | D:1      | Malachi the Djinni Transmuter began the quest for the Orb.
     0 | D:1      | Reached XP level 1. HP: 17/17 MP: 0/0
   177 | D:1      | Found a faded altar of an unknown god.
   416 | D:1      | Reached XP level 2. HP: 12/22 MP: 0/0
  1518 | D:2      | HP: 1/22 [worm (11)]
  1524 | D:2      | Slain by a rat

Illustrated notes

Levels and vault maps discovered:
D:1:      eino_arrival_cavern_b, layout_basic, basic_ecumenical_altar
D:2:      layout_loops_corners, minmay_distorted, uniq_jessica

Action                   || total
-------------------------++-------
Melee: Unarmed           ||    21
       Short sword       ||    34
       Punch             ||     3
       Headbutt          ||     2
 Cast: Beastly Appendage ||    11
Armor: Robe              ||    17
Dodge: Dodged            ||    42
